 Dungeon Crawl Stone Soup version 0.23-a0-303-gfcac5de (webtiles) character file.

31 mopl the Vexing (level 3, -4/24 HPs)
             Began as a Demonspawn Enchanter on Oct 8, 2018.
             Slain by an adder (5 damage)
             ... on level 2 of the Dungeon.
             The game lasted 00:02:14 (1554 turns).

mopl the Vexing (Demonspawn Enchanter)              Turns: 1554, Time: 00:02:15

Health: -4/24      AC:  3    Str:  8    XL:     3   Next: 7%
Magic:  0/6        EV: 12    Int: 16    God:
Gold:   19         SH:  0    Dex: 14    Spells: 0/6 levels left

rFire    + . .     SeeInvis .   a - +1 dagger
rCold    . . .     Gourm    .   (no shield)
rNeg     . . .     Faith    .   b - +0 robe
rPois    .         Spirit   .   (helmet restricted)
rElec    .         Reflect  .   (no cloak)
rCorr    .         Harm     .   (no gloves)
MR       .....                  h - +0 pair of boots
Stlth    ++........             (no amulet)
HPRegen  0.08/turn              l - ring of protection from fire
MPRegen  0.10/turn              (no ring)

@: lethally poisoned (-4 -> -11)
A: antennae 1
a: no special abilities


You were on level 2 of the Dungeon.
You were not hungry.

You visited 1 branch of the dungeon, and saw 2 of its levels.

You collected 19 gold pieces.

Inventory:

Hand Weapons
 a - a +1 dagger (weapon)
 f - a cursed -3 dagger
 g - a cursed -2 dagger
 j - a cursed -3 dagger
Missiles
 k - 25 poisoned needles
Armour
 b - a +0 robe (worn)
 h - a +0 pair of boots (worn)
Jewellery
 l - a ring of protection from fire (left hand)
Scrolls
 c - a scroll of random uselessness {unknown}
 e - 3 scrolls of identify {unknown}
 n - a scroll of fog {unknown}
 o - a scroll of enchant weapon {unknown}
 q - a scroll of fear {unknown}
Potions
 i - a potion of degeneration {unknown}
 m - a potion of mutation {unknown}
Comestibles
 d - 10 rations
 p - 3 chunks of flesh


   Skills:
 - Level 0.8 Short Blades
 - Level 1.7 Dodging
 * Level 3.2 Stealth
 + Level 2.3 Spellcasting
 * Level 3.4 Hexes
 + Level 0.4 Ice Magic


You couldn't memorise any spells.
You knew the following spells:

 Your Spells              Type           Power        Failure   Level  Hunger
a - Corona                Hex            ##.....      4%          1    #......
b - Ensorcelled Hibernat  Hex/Ice        #.....       14%         2    ###....
c - Confuse               Hex            ##......     14%         3    ###....

Your spell library contained the following spells:

 Spells                   Type           Power        Failure   Level  Hunger
 Tukima's Dance           Hex            ##......     14%         3    ###....
 Dazzling Spray           Conj/Hex       #.....       30%         3    ###....


Dungeon Overview and Level Annotations

Branches:
Dungeon (2/15)

Altars:


Innate Abilities, Weirdness & Mutations

You have a pair of small antennae on your head.


Message History

The adder is almost dead.
The adder bites you.
You are poisoned.
The adder poisons you!
Casting: Ensorcelled Hibernation (safe; 14% risk of failure)
Confirm with . or Enter, or press ? or * to list all spells.
Aiming: Corona (safe; 4% risk of failure)
Press: ? - help, Shift-Dir - straight line, f/p - orc
Aim: an orc, wielding a mace (moderately wounded, chance to defeat MR: 66%)
The orc is outlined in light.
The adder hisses angrily.
You feel sick. The adder bites you. The orc hits you but does no damage.
The adder closely misses you.
Unknown command.
You hit the adder but do no damage.
The adder is almost dead.
You feel sick. The orc hits you with a mace!
* * * LOW HITPOINT WARNING * * *
The hobgoblin closely misses you. The adder bites you.
You die...

####...####..........
.................>....
####.......#.)........
#S#[###.#####......
#.#.###o# #...###
#####....##g# #...#
.....#..##.# #...#
#..##.##.# ##.##
#..@oo...# #.#
#....S.g.#### ##.##
...##.#####
######...### . ...
......#.... ###
#.##.....##
#.##.#.#.##
#<..รท.....#
#.####..###..#
#.......###..#


You could see 2 adders, 2 orcs and a hobgoblin.

Vanquished Creatures
  An adder (D:2)
  A bat (D:1)
  A giant cockroach (D:1)
  3 hobgoblins (D:1)
  2 jackals (D:2)
  A frilled lizard (D:1)
  5 goblins
  5 kobolds (D:1)
  2 rats (D:1)
21 creatures vanquished.

Notes
Turn   | Place    | Note
-------+----------+-------------------------------------------
     0 | D:1      | mopl the Demonspawn Enchanter began the quest for the Orb.
     0 | D:1      | Reached XP level 1. HP: 13/13 MP: 3/3
   754 | D:1      | Reached skill level 3 in Stealth
   754 | D:1      | Gained mutation: You have a pair of small antennae on your
                  | head. [demonic ancestry]
   754 | D:1      | Reached XP level 2. HP: 19/19 MP: 5/5
   758 | D:1      | Learned a level 2 spell: Ensorcelled Hibernation
  1492 | D:2      | Reached XP level 3. HP: 23/24 MP: 3/6
  1497 | D:2      | Learned a level 3 spell: Confuse
  1554 | D:2      | HP: 1/24 [orc/mace (8)]
  1554 | D:2      | Slain by an adder

Vault maps used:
D:1:      nicolae_arrival_somewhat_less_tricky_arrival
D:2:      first_ration, kennysheep_generic_room_9

Skill      XL: |  1 |
---------------+----+-----
Stealth        | 3 |  3.2
Short Blades   | |  0.8
Dodging        | |  1.7
Spellcasting   | |  2.3
Hexes          | |  3.4
Ice Magic      | |  0.4

Action                   || total
-------------------------++-------
Melee: Dagger            ||    90
 Cast: Corona            ||    10
       Ensorcelled Hiber ||     4
 Stab: Sleeping          ||     7
  Eat: Chunk             ||     2
Armor: Robe              ||     9
Dodge: Dodged            ||    42

Table legend:
 A = Non-vault XP
 B = Vault XP
 C = Vault XP percentage of total XP
 D = Non-vault monster count
 E = Vault monster count
 F = Vault count percentage of total count
                 A         B        C        D         E       F
            +---------+---------+-------+---------+---------+-------
      Total |      45 |       0 |   0.0 |      21 |       0 |   0.0
            +---------+---------+-------+---------+---------+-------
        D:1 |      26 |       0 |   0.0 |      17 |       0 |   0.0
        D:2 |      19 |       0 |   0.0 |       4 |       0 |   0.0
            +---------+---------+-------+---------+---------+-------
